 Dungeon Crawl Stone Soup version 0.31-a0-845-g9abc20d24f (webtiles) character file.

Game seed: 4756039727803480715

123 Ethylacetat the Changeling (level 5, -3/34 HPs)
             Began as an Octopode Shapeshifter on Oct 1, 2023.
             Slain by a gnoll
             ... wielding a +0 spear
              (5 damage)
             ... on level 4 of the Dungeon.
             The game lasted 00:02:10 (2110 turns).

Ethylacetat the Changeling (Octopode Shapeshifter)  Turns: 2110, Time: 00:02:11

Health: -3/34      AC:  1    Str: 14    XL:     5   Next: 7%
Magic:  5/5        EV: 13    Int: 12    God:
Gold:   151        SH:  0    Dex: 13    Spells: 4/4 levels left

rFire   . .          .
                       - Unarmed
rCold   . . .        (no shield)
rNeg    . . .        (helmet currently unavailable)
rPois   .            (no amulet)
rElec   .            (no ring)
rCorr   .            (no ring)
SInv    .            (no ring)
Will    .....        (no ring)
Stlth   ++           (no ring)
HPRegen 0.25/turn    (no ring)
MPRegen 0.09/turn    (no ring)
                     (no ring)

%: no passive effects
@: beast-form
A: beast (slay +2), almost no armour, amphibious, 8 rings, camouflage 1,
gelatinous body 1, (nimble swimmer 1), tentacles
a: Begin Untransformation


You were on level 4 of the Dungeon.
You were a hulking beast.
You visited 1 branch of the dungeon, and saw 4 of its levels.

You collected 151 gold pieces.

Inventory:

Talismans
 b - a beast talisman (active)
 c - a flux talisman
Scrolls
 e - 3 scrolls of teleportation {unknown}
 f - a scroll of noise {unknown}
 h - a scroll of vulnerability {unknown}
 i - a scroll of brand weapon {unknown}
 j - a scroll of revelation {unknown}
 k - a scroll of immolation {unknown}
 l - a scroll of identify {unknown}
 n - a scroll of torment {unknown}
Potions
 a - a potion of lignification
 d - a potion of curing {unknown}
 g - 2 potions of berserk rage {unknown}
 m - a potion of resistance {unknown}
 o - 2 potions of attraction {unknown}


   Skills:
 + Level 2.1 Fighting
 + Level 2.8 Dodging
 + Level 3.6 Unarmed Combat
 * Level 4.0 Shapeshifting


You had 4 spell levels left.
You didn't know any spells.
Your spell library contained the following spells:

 Spells                   Type           Power      Damage    Failure   Level
 Tukima's Dance           Hex            0%         N/A       69%         3
 Passage of Golubria      Tloc           0%         N/A       97%         4
 Yara's Violent Unravell  Hex/Tmut       0%         3d3       100%        5


Dungeon Overview and Level Annotations

Branches:
Dungeon (4/15)
 Temple: D:4-7

Altars:
Qazlal


Innate Abilities, Weirdness & Mutations

You are a hulking beast.
Your limbs bulge with bestial killing power. (Slay +2)
You cannot wear most types of armour.
You are amphibious.
You can wear up to eight rings at the same time.
Your skin changes colour to match your surroundings (Stealth+).
Your rubbery body absorbs attacks. (AC +1, EV +1)
((You are camouflaged when in or above water. (Stealth+)))
You have tentacles for arms and can constrict up to eight enemies at once.


Message History

You kill the goblin!
A black bear comes into view.
A gnoll comes into view. It is wielding a +0 spear.
There are monsters nearby!
Found a war axe.
The black bear growls angrily.
The gnoll shouts!
There are monsters nearby!
The black bear closely misses you. The black bear claws you.
The black bear closely misses you.
You barely miss the black bear. You grab the black bear.
You constrict the black bear. The black bear closely misses you. x2
The black bear claws you.
You tentacle-slap the black bear but do no damage.
The black bear is lightly wounded.
You constrict the black bear.
A gnoll comes into view. It is wielding a +0 halberd.
The gnoll hits you from afar with a +0 spear.
The black bear bites you. The black bear claws you.
* * * LOW HITPOINT WARNING * * *
The black bear misses you.
Okay, then.
Okay, then.
You release your grip on the black bear.
Found 7 stones.
The gnoll attacks as it pursues you! The gnoll completely misses you.
The black bear attacks as it pursues you!
The black bear misses you. The black bear closely misses you.
The black bear claws you but does no damage.
The black bear bites you!
* * * LOW HITPOINT WARNING * * *
The black bear claws you.
* * * LOW HITPOINT WARNING * * *
The black bear closely misses you.
The black bear attacks as it pursues you!
The black bear bites you but does no damage.
The black bear closely misses you.
The black bear claws you but does no damage.
The gnoll attacks as it pursues you!
The gnoll hits you from afar with a +0 spear.
You die...

#. #.#.. # #. #...### .. ###
#.##.....# .( # ..#
##.......#.# #.
#.###.##.......##.
#.####.#....).......)..
#.....P...##g.h..####.#
#.#P~~~.†###....##
#.P~~~P~♣.##h..##
#.#~).~~...#..##
#...~~~♣~♣....###########
#..~~≈≈~..##.#..........#
#..)P~≈~~.#.###.#######.#
#.)~~≈~~~P.## ##.######.#####
#..~~P~.~♣#.###.##.....#.....
#.#~.~~P~.##.#.###.####.#####
#...♣.~.P.###..###.####.#


You could see a black bear and a gnoll.

Vanquished Creatures
  3 adders (D:2)
  2 worms (D:3)
  4 dart slugs
  3 orcs
  7 endoplasms
  5 giant cockroaches
  10 goblins
  2 hobgoblins
  9 jackals
  7 kobolds
  3 quokkas
  7 ball pythons
  3 bats (D:1)
  2 frilled lizards (D:1)
  7 rats
74 creatures vanquished.

Vanquished Creatures (others)
  A goblin (D:4)
1 creature vanquished.

Grand Total: 75 creatures vanquished

Notes
Turn   | Place    | Note
-------+----------+-------------------------------------------
     0 | D:1      | Ethylacetat the Octopode Shapeshifter began the quest for
                  | the Orb.
     0 | D:1      | Reached XP level 1. HP: 13/13 MP: 1/1
    42 | D:1      | Reached XP level 2. HP: 16/18 MP: 2/2
   245 | D:1      | Reached XP level 3. HP: 23/23 MP: 3/3
  1033 | D:2      | Reached XP level 4. HP: 29/29 MP: 4/4
  1559 | D:3      | Found a stormy altar of Qazlal.
  2013 | D:4      | Reached skill level 4 in Shapeshifting
  2013 | D:4      | Reached XP level 5. HP: 29/34 MP: 5/5
  2100 | D:4      | Noticed a black bear
  2110 | D:4      | Slain by a gnoll

Illustrated notes

Levels and vault maps discovered:
D:1:      spicycebolla_arrival_clurvy, layout_basic
D:2:      layout_loops_ring
D:3:      layout_rooms, nicolae_qazlal_general_emergency, kennysheep_nub,
          st_stairs_14, chequers_serial_rivers_small_3
D:4:      layout_loops_ring, vehumet_statue, minmay_temple_entry_large_hall,
          serial_shops, nicolae_shop_window_shopping, serial_bayou,
          serial_bayou_pond_b, serial_bayou_pond_d, serial_bayou_pond_b,
          serial_bayou_pond_a, uniq_crazy_yiuf_cottage, uniq_sigmund

Skill      XL: |  1  2  3  4 |
---------------+-------------+-----
Fighting       | 2 |  2.1
Shapeshifting  | 4 |  4.0
Dodging        | |  2.8
Unarmed Combat | |  3.6

Action                     |  1- 3 |  4- 6 || total
---------------------------+-------+-------++-------
  Melee: Unarmed           |    73 |    59 ||   132
         Constrict         |    13 |    19 ||    32
         Tentacles         |     8 |    13 ||    21
         Punch             |     1 |     1 ||     2
   Stab: Sleeping          |     7 |     6 ||    13
 Armour: Skin              |    22 |    23 ||    45
  Dodge: Dodged            |    42 |    34 ||    76

Table legend: (Time is in decaauts)
 A = Elapsed time spent in this place.
 B = Non-inter-level travel time spent in this place.
 C = Inter-level travel time spent in this place.
 D = Time resting spent in this place.
 E = Time spent auto-exploring this place.
 F = Levels seen in this place.
 G = Mean time per level.
                   A        B        C        D        E       F      G
               +--------+--------+--------+--------+--------+-----+--------+
         Total |   2101 |   2038 |     63 |      0 |   1633 |   4 |  525.2 |
       Dungeon |   2101 |   2038 |     63 |      0 |   1633 |   4 |  525.2 |
               +--------+--------+--------+--------+--------+-----+--------+

Top non-repeatable levels by time:
     D:1: 819 daAuts
     D:2: 633 daAuts
     D:3: 541 daAuts
     D:4: 107 daAuts
